General information
- name: BNet
- type: Ladder team game (AT/RT)
- host: Battle.net
- saver: BAD2DABONE
map: Deathknell
- players: 8
- length: 62:37
- speed: Fast
- version: 1.26 W3XP
- replay type: Public
» download(281 KB)
Players
team 1 (loser)
bingbongwasHero (
yellow | 66 APM | 2017 actions | 30:21)
7 Mountain King
3 Storm Bolt
3 Bash
1 Avatar
6 Paladin
2 Holy Light
1 Divine Shield
2 Devotion Aura
1 Resurrection
5 Archmage
3 Summon Water Elemental
2 Brilliance Aura
» actions
| Assign group hotkey | 33 | |
| Basic commands | 284 | |
| Build / train | 87 | |
| ESC pressed | 2 | |
| Enter build submenu | 27 | |
| Enter hero's abilities submenu | 18 | |
| Give item / drop item | 6 | |
| Right click | 292 | |
| Select / deselect | 513 | |
| Select group hotkey | 575 | |
| Use ability | 180 | |
2017 total
» units
| Peasant | 11 | |
| Footman | 4 | |
| Goblin Shredder | 2 | |
| Knight | 9 | |
| Priest | 3 | |
| Sorceress | 2 | |
| Spell Breaker | 4 | |
35 total
» upgrades
| Defend | 1 | |
| Lumber Harvesting | 2 | |
| Plating | 3 | |
| Swords | 3 | |
| Priest Training | 2 | |
| Sorceress Training | 2 | |
| Animal War Training | 1 | |
| Masonry | 1 | |
| Magic Sentry | 1 | |
16 total
» buildings
| Altar of Kings | 1 | |
| Farm | 20 | |
| Barracks | 2 | |
| Lumber Mill | 1 | |
| Scout Tower | 1 | |
| Arcane Tower | 1 | |
| Keep | 1 | |
| Town Hall | 1 | |
| Blacksmith | 1 | |
| Castle | 1 | |
| Arcane Vault | 1 | |
| Arcane Sanctum | 2 | |
33 total
» build order
00:22 Altar of Kings
00:36 Farm
00:51 Barracks
01:06 Lumber Mill
01:13 Farm
01:55 Farm
02:03 Scout Tower
02:30 Arcane Tower
03:44 Keep
04:48 Town Hall
04:51 Farm
05:54 Blacksmith
06:07 Castle
06:29 Arcane Vault
06:32 Arcane Sanctum
06:46 Barracks
07:42 Farm
07:43 Farm
07:44 Farm
07:45 Farm
07:45 Farm
07:56 Farm
07:56 Farm
08:32 Farm
08:33 Farm
08:35 Arcane Sanctum
09:14 Farm
09:15 Farm
11:31 Farm
17:29 Farm
20:55 Farm
20:58 Farm
21:02 Farm
» items
| Scroll of Regeneration | 2 | |
| Lesser Clarity Potion | 2 | |
| Potion of Healing | 2 | |
| Orb of Fire | 1 | |
| Scroll of Town Portal | 2 | |
9 total
RAINBOW.DOG (
orange | 61 APM | 3835 actions | 62:36)
8 Blademaster
3 Wind Walk
3 Critical Strike
1 Bladestorm
1 Mirror Image
4 Shadow Hunter
2 Hex
2 Healing Wave
» actions
| Assign group hotkey | 72 | |
| Basic commands | 47 | |
| Build / train | 72 | |
| Enter build submenu | 23 | |
| Enter hero's abilities submenu | 12 | |
| Give item / drop item | 4 | |
| Remove unit from queue | 1 | |
| Right click | 1737 | |
| Select / deselect | 438 | |
| Select group hotkey | 1214 | |
| Use ability | 215 | |
3835 total
» units
| Peon | 12 | |
| Grunt | 4 | |
| Goblin Shredder | 2 | |
| Wind Rider | 4 | |
| Goblin Sapper | 5 | |
| Frost Wyrm | 4 | |
| Goblin Zeppelin | 1 | |
| Kodo Beast | 2 | |
34 total
» upgrades
| Reinforced Defenses | 1 | |
| Envenomed Spears | 1 | |
| Ranged Weapons | 2 | |
| Armor | 2 | |
6 total
» buildings
| Altar of Storms | 1 | |
| Orc Burrow | 7 | |
| Barracks | 1 | |
| Stronghold | 1 | |
| Voodoo Lounge | 1 | |
| War Mill | 1 | |
| Great Hall | 1 | |
| Fortress | 1 | |
| Beastiary | 4 | |
| Watch Tower | 36 | |
54 total
» build order
00:07 Altar of Storms
00:17 Orc Burrow
00:36 Barracks
01:27 Orc Burrow
02:41 Stronghold
02:53 Voodoo Lounge
03:29 Orc Burrow
04:35 War Mill
05:02 Great Hall
06:01 Fortress
06:54 Beastiary
07:24 Beastiary
07:31 Orc Burrow
09:25 Beastiary
09:55 Watch Tower
09:55 Watch Tower
09:55 Watch Tower
09:56 Watch Tower
09:56 Watch Tower
10:53 Watch Tower
10:53 Watch Tower
10:53 Watch Tower
10:54 Watch Tower
10:56 Watch Tower
10:57 Watch Tower
10:57 Watch Tower
10:58 Watch Tower
13:06 Orc Burrow
13:06 Orc Burrow
14:59 Watch Tower
14:59 Watch Tower
15:00 Watch Tower
15:00 Watch Tower
15:03 Watch Tower
15:04 Watch Tower
15:04 Watch Tower
15:04 Watch Tower
15:23 Orc Burrow
20:11 Watch Tower
20:12 Watch Tower
20:13 Watch Tower
21:56 Watch Tower
21:56 Watch Tower
21:56 Watch Tower
21:57 Watch Tower
21:58 Watch Tower
21:59 Watch Tower
21:59 Watch Tower
21:59 Watch Tower
24:12 Watch Tower
24:12 Watch Tower
24:13 Watch Tower
24:13 Watch Tower
24:35 Beastiary
» items
| Healing Salve | 4 | |
| Scroll of Town Portal | 4 | |
| Orb of Lightning | 1 | |
| Tiny Great Hall | 1 | |
| Potion of Healing | 1 | |
| Scroll of Healing | 1 | |
12 total

»
Hitl3rsMustache (
red | 46 APM | 1369 actions | 29:30)
8 Crypt Lord
2 Carrion Beetles
3 Impale
2 Spiked Carapace
1 Locust Swarm
» actions
| Assign group hotkey | 38 | |
| Basic commands | 2 | |
| Build / train | 70 | |
| Enter build submenu | 20 | |
| Enter hero's abilities submenu | 8 | |
| Right click | 693 | |
| Select / deselect | 295 | |
| Select group hotkey | 173 | |
| Use ability | 70 | |
1369 total
» units
| Acolyte | 10 | |
| Ghoul | 4 | |
| Crypt Fiend | 3 | |
| Frost Wyrm | 7 | |
| Gargoyle | 3 | |
27 total
» upgrades
| Creature Attack | 3 | |
| Web | 1 | |
| Creature Carapace | 3 | |
| Burrow | 1 | |
| Ghoul Frenzy | 1 | |
| Freezing Breath | 1 | |
10 total
» buildings
| Ziggurat | 14 | |
| Altar of Darkness | 1 | |
| Crypt | 1 | |
| Graveyard | 1 | |
| Nerubian Tower | 3 | |
| Tomb of Relics | 1 | |
| Halls of the Dead | 3 | |
| Spirit Tower | 4 | |
| Black Citadel | 1 | |
| Sacrificial Pit | 1 | |
| Boneyard | 3 | |
33 total
» build order
00:08 Ziggurat
00:26 Altar of Darkness
00:50 Crypt
01:13 Graveyard
01:19 Nerubian Tower
01:59 Ziggurat
02:31 Tomb of Relics
03:27 Halls of the Dead
03:27 Halls of the Dead
03:27 Halls of the Dead
03:44 Ziggurat
04:58 Spirit Tower
06:34 Black Citadel
06:51 Ziggurat
07:50 Ziggurat
07:53 Ziggurat
08:28 Sacrificial Pit
09:09 Nerubian Tower
09:48 Boneyard
09:52 Boneyard
09:54 Boneyard
10:03 Spirit Tower
13:01 Ziggurat
13:02 Ziggurat
13:03 Ziggurat
13:04 Ziggurat
13:05 Ziggurat
14:15 Nerubian Tower
14:50 Spirit Tower
14:54 Spirit Tower
21:40 Ziggurat
21:42 Ziggurat
21:43 Ziggurat
» items
| Rod of Necromancy | 2 | |
| Sacrificial Skull | 1 | |
| Scroll of Town Portal | 2 | |
| Healing Salve | 1 | |
| Potion of Healing | 1 | |
| Orb of Corruption | 1 | |
| Scroll of Regeneration | 1 | |
| Orb of Fire | 1 | |
10 total

»
eugaxpuff (
green | 23 APM | 692 actions | 30:29)
2 Far Seer
1 Feral Spirit
1 Chain Lighting
1 Shadow Hunter
1 Healing Wave
» actions
| Assign group hotkey | 13 | |
| Basic commands | 2 | |
| Build / train | 44 | |
| Enter build submenu | 14 | |
| Enter hero's abilities submenu | 3 | |
| Remove unit from queue | 4 | |
| Right click | 156 | |
| Select / deselect | 207 | |
| Select group hotkey | 193 | |
| Use ability | 56 | |
692 total
» units
| Peon | 7 | |
| Troll Batrider | 8 | |
| Raider | 3 | |
| Goblin Shredder | 1 | |
| Troll Witch Doctor | 1 | |
20 total
» upgrades
| Ranged Weapons | 2 | |
| Armor | 1 | |
| Liquid Fire | 1 | |
| Ensnare | 1 | |
| Pillage | 1 | |
6 total
» buildings
| War Mill | 1 | |
| Orc Burrow | 5 | |
| Altar of Storms | 1 | |
| Stronghold | 1 | |
| Voodoo Lounge | 1 | |
| Beastiary | 3 | |
| Fortress | 2 | |
| Spirit Lodge | 2 | |
16 total
» build order
00:08 War Mill
00:56 Orc Burrow
01:22 Altar of Storms
02:17 Stronghold
02:22 Orc Burrow
02:53 Orc Burrow
03:42 Voodoo Lounge
04:55 Beastiary
04:58 Beastiary
05:23 Fortress
05:23 Fortress
05:32 Beastiary
06:56 Orc Burrow
07:24 Orc Burrow
11:42 Spirit Lodge
12:06 Spirit Lodge
» items
| Tiny Great Hall | 1 | |
| Potion of Healing | 1 | |
| Orb of Lightning | 1 | |
| Scroll of Speed | 1 | |
| Lesser Clarity Potion | 1 | |
| Healing Salve | 1 | |
6 total
team 2 (winner)

»
Tindog (
purple | 64 APM | 2371 actions | 37:12)
6 Priestess of the Moon
3 Trueshot Aura
2 Searing Arrows
1 Starfall
3 Keeper of the Grove
2 Entangling Roots
1 Thorns Aura
» actions
| Assign group hotkey | 32 | |
| Basic commands | 226 | |
| Build / train | 117 | |
| ESC pressed | 1 | |
| Enter build submenu | 34 | |
| Enter hero's abilities submenu | 9 | |
| Remove unit from queue | 4 | |
| Right click | 749 | |
| Select / deselect | 607 | |
| Select group hotkey | 511 | |
| Use ability | 80 | |
2371 total
» units
| Wisp | 32 | |
| Archer | 6 | |
| Chimaera | 12 | |
| Hippogryph | 17 | |
| Dryad | 10 | |
| Rifleman | 6 | |
| Priest | 2 | |
85 total
» upgrades
| Ultravision | 1 | |
| Improved Bows | 1 | |
| Strength of the Wild | 3 | |
| Corrosive Breath | 1 | |
| Reinforced Hides | 2 | |
| Abolish Magic | 1 | |
| Well Spring | 1 | |
10 total
» buildings
| Altar of Elders | 1 | |
| Moon Well | 8 | |
| Ancient of War | 1 | |
| Ancient of Wonders | 1 | |
| Tree of Ages | 1 | |
| Hunter's Hall | 1 | |
| Ancient Protector | 4 | |
| Ancient of Wind | 1 | |
| Tree of Eternity | 1 | |
| Tree of Life | 5 | |
| Chimaera Roost | 3 | |
| Ancient of Lore | 2 | |
29 total
» build order
01:16 Altar of Elders
01:20 Moon Well
01:22 Ancient of War
01:44 Ancient of Wonders
02:37 Moon Well
03:31 Tree of Ages
03:35 Hunter's Hall
03:43 Moon Well
04:56 Ancient Protector
05:07 Moon Well
05:59 Ancient of Wind
07:07 Tree of Eternity
07:12 Moon Well
08:07 Tree of Life
08:18 Tree of Life
08:28 Ancient Protector
08:37 Moon Well
09:14 Ancient Protector
09:42 Chimaera Roost
10:19 Moon Well
10:33 Chimaera Roost
12:26 Ancient Protector
13:30 Ancient of Lore
14:47 Tree of Life
16:05 Moon Well
20:53 Ancient of Lore
21:36 Tree of Life
22:03 Chimaera Roost
34:22 Tree of Life
» items
| Dust of Appearance | 1 | |
| Scroll of Town Portal | 3 | |
| Potion of Healing | 1 | |
5 total
BAD2DABONE (
teal | 42 APM | 2624 actions | 62:37)
10 Blademaster
3 Wind Walk
3 Critical Strike
1 Bladestorm
3 Mirror Image
» actions
| Assign group hotkey | 30 | |
| Basic commands | 159 | |
| Build / train | 91 | |
| Enter build submenu | 75 | |
| Enter hero's abilities submenu | 10 | |
| Give item / drop item | 15 | |
| Remove unit from queue | 1 | |
| Right click | 1245 | |
| Select / deselect | 455 | |
| Select group hotkey | 243 | |
| Use ability | 300 | |
2624 total
» units
| Peon | 17 | |
| Grunt | 4 | |
| Goblin Shredder | 2 | |
| Goblin Zeppelin | 4 | |
| Goblin Sapper | 6 | |
| Wind Rider | 4 | |
37 total
» upgrades
| Reinforced Defenses | 1 | |
| Ranged Weapons | 3 | |
| Troll Regeneration | 1 | |
| Burning Oil | 1 | |
| Pillage | 1 | |
| Armor | 3 | |
| Envenomed Spears | 1 | |
| Liquid Fire | 1 | |
| Ensnare | 1 | |
13 total
» buildings
| Orc Burrow | 9 | |
| Altar of Storms | 3 | |
| Barracks | 1 | |
| Voodoo Lounge | 11 | |
| Stronghold | 2 | |
| War Mill | 4 | |
| Great Hall | 5 | |
| Watch Tower | 37 | |
| Fortress | 2 | |
| Beastiary | 9 | |
83 total
» build order
00:13 Orc Burrow
00:50 Altar of Storms
00:58 Orc Burrow
01:01 Altar of Storms
01:03 Barracks
01:42 Voodoo Lounge
01:46 Voodoo Lounge
02:53 Stronghold
04:06 Orc Burrow
04:33 War Mill
05:12 Great Hall
05:46 Watch Tower
05:49 Watch Tower
06:29 Watch Tower
06:29 Watch Tower
06:30 Watch Tower
06:33 Watch Tower
07:36 Orc Burrow
08:04 Fortress
09:51 Watch Tower
09:54 Watch Tower
10:39 War Mill
10:43 War Mill
12:26 Beastiary
12:27 Beastiary
12:31 Beastiary
12:34 Beastiary
12:38 Beastiary
15:35 Watch Tower
15:35 Watch Tower
15:37 Watch Tower
15:38 Watch Tower
15:39 Watch Tower
15:41 Watch Tower
15:42 Watch Tower
22:00 Great Hall
22:03 Great Hall
24:54 Great Hall
25:24 Voodoo Lounge
25:47 War Mill
28:14 Stronghold
29:51 Watch Tower
29:51 Watch Tower
29:52 Watch Tower
29:52 Watch Tower
29:53 Watch Tower
29:57 Watch Tower
30:55 Altar of Storms
32:10 Fortress
32:14 Watch Tower
32:15 Watch Tower
32:15 Watch Tower
32:15 Watch Tower
32:16 Watch Tower
32:17 Watch Tower
32:17 Watch Tower
32:18 Watch Tower
32:18 Watch Tower
32:19 Watch Tower
32:27 Voodoo Lounge
33:17 Beastiary
33:19 Beastiary
33:21 Beastiary
33:26 Beastiary
33:33 Orc Burrow
33:35 Orc Burrow
33:38 Orc Burrow
33:43 Orc Burrow
33:46 Orc Burrow
38:01 Great Hall
38:04 Watch Tower
38:04 Watch Tower
38:05 Watch Tower
38:06 Watch Tower
38:06 Watch Tower
38:06 Watch Tower
53:45 Voodoo Lounge
54:19 Voodoo Lounge
54:30 Voodoo Lounge
54:43 Voodoo Lounge
55:18 Voodoo Lounge
57:26 Voodoo Lounge
58:20 Voodoo Lounge
» items
| Healing Salve | 9 | |
| Lesser Clarity Potion | 6 | |
| Scroll of Town Portal | 4 | |
| Potion of Healing | 3 | |
| Scroll of Regeneration | 1 | |
| Orb of Venom | 1 | |
| Orb of Corruption | 1 | |
25 total
fvn (
pink | 55 APM | 1512 actions | 27:26)
6 Archmage
3 Summon Water Elemental
2 Brilliance Aura
1 Mass Teleport
» actions
| Assign group hotkey | 72 | |
| Basic commands | 15 | |
| Build / train | 139 | |
| ESC pressed | 5 | |
| Enter build submenu | 29 | |
| Enter hero's abilities submenu | 6 | |
| Give item / drop item | 2 | |
| Right click | 701 | |
| Select / deselect | 300 | |
| Select group hotkey | 143 | |
| Use ability | 100 | |
1512 total
» units
| Peasant | 23 | |
| Footman | 3 | |
| Rifleman | 15 | |
| Sorceress | 10 | |
| Knight | 23 | |
74 total
» upgrades
| Masonry | 2 | |
| Gunpowder | 3 | |
| Armor | 2 | |
| Long Rifles | 1 | |
| Lumber Harvesting | 1 | |
| Sorceress Training | 1 | |
| Animal War Training | 1 | |
| Priest Training | 2 | |
13 total
» buildings
| Lumber Mill | 1 | |
| Farm | 17 | |
| Altar of Kings | 1 | |
| Barracks | 2 | |
| Town Hall | 1 | |
| Blacksmith | 1 | |
| Scout Tower | 23 | |
| Arcane Vault | 2 | |
| Arcane Tower | 6 | |
| Guard Tower | 19 | |
| Keep | 3 | |
| Arcane Sanctum | 2 | |
| Castle | 1 | |
79 total
» build order
00:08 Lumber Mill
00:36 Farm
00:50 Altar of Kings
01:07 Farm
01:22 Barracks
01:35 Farm
04:07 Town Hall
05:08 Blacksmith
05:12 Barracks
05:27 Farm
05:27 Farm
05:28 Farm
05:32 Scout Tower
05:44 Arcane Vault
05:47 Scout Tower
05:48 Scout Tower
05:58 Arcane Tower
05:58 Arcane Tower
05:59 Arcane Tower
06:03 Farm
06:04 Farm
06:06 Farm
06:08 Farm
07:14 Arcane Tower
07:14 Arcane Tower
07:22 Scout Tower
07:24 Scout Tower
07:35 Scout Tower
07:37 Scout Tower
07:37 Scout Tower
07:49 Guard Tower
07:56 Scout Tower
07:58 Scout Tower
08:05 Scout Tower
08:07 Guard Tower
08:07 Guard Tower
08:14 Guard Tower
08:14 Guard Tower
08:17 Guard Tower
08:17 Guard Tower
08:34 Guard Tower
08:35 Guard Tower
08:37 Scout Tower
09:09 Guard Tower
09:21 Guard Tower
09:21 Guard Tower
09:28 Keep
09:28 Keep
10:00 Scout Tower
10:01 Scout Tower
10:02 Scout Tower
10:43 Guard Tower
10:43 Guard Tower
10:59 Arcane Vault
11:07 Guard Tower
11:12 Scout Tower
11:12 Scout Tower
12:05 Guard Tower
14:08 Arcane Sanctum
14:34 Castle
15:34 Farm
15:34 Farm
15:39 Farm
16:01 Farm
16:02 Farm
16:03 Farm
18:02 Farm
19:43 Arcane Sanctum
21:27 Scout Tower
21:28 Scout Tower
21:28 Scout Tower
21:29 Scout Tower
21:32 Scout Tower
21:33 Scout Tower
24:17 Guard Tower
» items
| Scroll of Regeneration | 5 | |
| Scroll of Town Portal | 5 | |
| Orb of Fire | 1 | |
11 total
13loodlaughs (
blue | 10 APM | 643 actions | 62:36)
4 Crypt Lord
2 Carrion Beetles
2 Spiked Carapace
3 Death Knight
1 Death Coil
2 Unholy Aura
» actions
| Assign group hotkey | 34 | |
| Basic commands | 3 | |
| Build / train | 54 | |
| Enter build submenu | 18 | |
| Enter hero's abilities submenu | 7 | |
| Remove unit from queue | 1 | |
| Right click | 88 | |
| Select / deselect | 285 | |
| Select group hotkey | 122 | |
| Use ability | 31 | |
643 total
» units
| Acolyte | 8 | |
| Ghoul | 4 | |
| Crypt Fiend | 8 | |
| Frost Wyrm | 7 | |
27 total
» upgrades
| Creature Attack | 3 | |
| Creature Carapace | 3 | |
| Unholy Strength | 1 | |
| Web | 1 | |
| Burrow | 1 | |
| Freezing Breath | 1 | |
10 total
» buildings
| Ziggurat | 10 | |
| Crypt | 1 | |
| Altar of Darkness | 1 | |
| Graveyard | 1 | |
| Halls of the Dead | 1 | |
| Tomb of Relics | 1 | |
| Black Citadel | 1 | |
| Spirit Tower | 2 | |
| Sacrificial Pit | 1 | |
| Boneyard | 3 | |
22 total
» build order
00:09 Ziggurat
00:12 Crypt
00:59 Altar of Darkness
01:13 Graveyard
01:35 Ziggurat
03:37 Ziggurat
04:26 Halls of the Dead
05:12 Ziggurat
05:23 Tomb of Relics
06:56 Ziggurat
07:02 Black Citadel
09:10 Spirit Tower
09:12 Spirit Tower
11:15 Ziggurat
11:17 Ziggurat
11:19 Ziggurat
11:21 Ziggurat
11:46 Sacrificial Pit
12:47 Boneyard
12:48 Boneyard
12:51 Boneyard
» items
| Scroll of Town Portal | 2 | |
| Orb of Corruption | 1 | |
3 total
Chat log
(00:24 / Allies) 13loodlaughs: units?
(00:29 / All) BAD2DABONE: How are ya'll doin this evening
(00:34 / Allies) BAD2DABONE: wyvs
(01:35 / All) BAD2DABONE: fuck all ya'll right back, dig?
(01:48 / All) bingbongwasHero: i dont speak jive.
(01:53 / All) Hitl3rsMustache: lol i answered on ally chat
(01:57 / All) BAD2DABONE: you a honkey?
(02:12 / All) bingbongwasHero: indeed
(02:15 / All) BAD2DABONE: my great great great great grand pappy was a cracker
(02:27 / All) BAD2DABONE: cracker of the whip, dig?
(02:57 / All) bingbongwasHero: well most african americans have caucasian in them. slave masters slept with a lot of them
(03:11 / All) bingbongwasHero: thats why african americans dont look african
(03:45 / Allies) BAD2DABONE: I like you pink
(05:23 / All) BAD2DABONE: I lost a grunt thanks to you green
(05:30 / All) BAD2DABONE: jerk
(07:33 / Allies) 13loodlaughs: anyone have spare gold : o
(08:57 / Allies) BAD2DABONE: if bats get toewrs
(09:01 / Allies) BAD2DABONE: BATS
(09:40 / All) BAD2DABONE: Come back now ya hear
(09:44 / Allies) BAD2DABONE: get towers near mains
(10:06 / Allies) BAD2DABONE: towers too far
(10:10 / Allies) BAD2DABONE: better tp pink
(10:11 / Allies) 13loodlaughs: save your main pink
(10:23 / All) BAD2DABONE: close no cigar
(10:35 / Allies) fvn: i never loose vs bats
(10:40 / Allies) fvn: im orc usually lol
(10:52 / Allies) fvn: hu so fun so imba
(11:29 / Allies) 13loodlaughs: tp?
(11:58 / All) bingbongwasHero: lol
(12:06 / All) Hitl3rsMustache: b
(12:19 / Allies) 13loodlaughs: help
(13:06 / Allies) fvn: buroow
(13:14 / Allies) 13loodlaughs: were screwed
(13:50 / Allies) BAD2DABONE: out
(14:49 / All) BAD2DABONE: close one
(15:06 / Allies) 13loodlaughs: teal
(15:09 / Allies) 13loodlaughs: where are your units dude
(15:15 / Allies) BAD2DABONE: on vacation
(15:57 / Allies) 13loodlaughs: give me some gold for frosts
(16:13 / Allies) BAD2DABONE: no hlep?
(16:18 / Allies) 13loodlaughs: you have nothing
(16:22 / Allies) BAD2DABONE: I had towers retard
(16:33 / Allies) 13loodlaughs: those are really useful when they get frozen
(16:41 / Allies) BAD2DABONE: maybe tp diposhti
(17:14 / Allies) Tindog: could have used your help pink
(17:19 / Allies) BAD2DABONE: or blue
(17:22 / Allies) BAD2DABONE: if either of them tped
(17:25 / Allies) BAD2DABONE: it would hav ebeen fine
(17:30 / Allies) 13loodlaughs: he's sitting on 6k gold
(17:38 / Allies) BAD2DABONE: I had 4 beastiares about to pump faggot
(17:55 / All) BAD2DABONE: if either blue or pink tped to my base it would have been fine
(17:59 / All) BAD2DABONE: especially before towers were killed
(18:03 / All) BAD2DABONE: blue is an idiot lol
(19:27 / All) BAD2DABONE: blue is stoop kid
(19:37 / All) 13loodlaughs: your calling me stupid
(19:42 / All) BAD2DABONE: I said stoop kid
(19:44 / All) Hitl3rsMustache: lol at teams being dicks
(19:47 / All) 13loodlaughs: I didn't sit on 6k of fucking gold and do nothing
(19:47 / All) BAD2DABONE: STOOP KID'S AFRAID TO LEAVE HIS STOOP
(19:58 / Allies) fvn: go TP
(20:00 / All) BAD2DABONE: I've done more this game with a hero than you have with 100 food wyrms
(20:01 / All) BAD2DABONE: pussy
(23:38 / All) bingbongwasHero: we have a tker
(23:43 / All) 13loodlaughs: I noticed
(23:47 / All) bingbongwasHero: and you still losing
(23:54 / All) 13loodlaughs: we had dead weight
(23:59 / All) fvn: we have an afk
(24:01 / All) BAD2DABONE: yeah blue
(24:09 / All) BAD2DABONE: sat in his base
(24:12 / All) BAD2DABONE: letting me get destroyed
(24:18 / All) 13loodlaughs: sat on 6k
(24:23 / All) 13loodlaughs: nuff said <.<
(24:24 / All) BAD2DABONE: I had 4 beastiares
(24:31 / Allies) fvn: purple feed me a bit plz ?
(24:31 / All) 13loodlaughs: and no fucking units
(24:36 / All) BAD2DABONE: because my base was destroyed faggot
(24:42 / All) 13loodlaughs: you had those for awhile and didn't make any fucking units until they attacked
(25:06 / Allies) fvn: teal
(25:10 / Allies) fvn: gold me
(25:17 / Allies) BAD2DABONE: you chose to hit and let my base die too
(25:26 / Allies) fvn: lol
(25:30 / Allies) fvn: ok
(25:45 / Allies) fvn: if u can win with a BM vs 4 enemies dont share
(25:55 / Allies) BAD2DABONE: You can win by letting your teammates die and don't help
(26:21 / All) Hitl3rsMustache: w
(26:28 / All) Hitl3rsMustache: wtf orange tking bitch
(28:13 / All) 13loodlaughs: I thought oj was tking : p
(28:17 / All) Hitl3rsMustache: he ius
(28:20 / All) Hitl3rsMustache: piece of shit
(29:20 / All) BAD2DABONE: whoops
(30:01 / All) bingbongwasHero: well orange is tking again
(30:10 / All) bingbongwasHero: he changes names and doesnt play and masses 100 food in wyvren
(30:15 / All) bingbongwasHero: then tks for no reason
(30:21 / All) bingbongwasHero: this game should have been over 20 mins ago
(30:41 / All) BAD2DABONE: lots of pussies in this game
(34:22 / Allies) 13loodlaughs: I think oj just screwed over red
(35:36 / Allies) 13loodlaughs: I got it
(36:51 / All) RAINBOW.DOG: guys its over
(36:53 / All) RAINBOW.DOG: plz alt qq
(37:28 / Allies) 13loodlaughs: its not like I have any gold teal
(37:38 / Allies) BAD2DABONE: Baby back bitches need to spanked
(37:42 / Allies) BAD2DABONE: you've been very cowardly this game
(37:46 / Allies) 13loodlaughs: ooooo I'm so hurt
(38:01 / Allies) 13loodlaughs: I ranked higher than you did I imagine
(38:15 / Allies) BAD2DABONE: English, pleaes
(38:50 / All) BAD2DABONE: wow blue is level 24!!!!!!!
(39:00 / All) BAD2DABONE: Isn't level 30 average
(39:10 / All) BAD2DABONE: after so many games
(39:11 / All) RAINBOW.DOG: im gonna be honest i never even saw blues army
(39:20 / All) BAD2DABONE: He was a pussy that sat in his base most game
(39:26 / All) BAD2DABONE: He easily could have beat your team at my base
(39:30 / All) BAD2DABONE: if he tped when I still had towers
(39:41 / All) RAINBOW.DOG: y didnt ur idiot team help ur base
(39:47 / All) BAD2DABONE: he had like 90 or 100 food wyrms gargs
(39:53 / All) BAD2DABONE: Only purple tped
(39:59 / All) BAD2DABONE: Pink tried to hit you for some reason
(40:06 / All) 13loodlaughs: I had 50 or 60 food
(40:08 / All) RAINBOW.DOG: my team was bithing all game
(40:13 / All) RAINBOW.DOG: Green decided to tk my expo
(40:15 / All) BAD2DABONE: blue just sat in his base
(40:17 / All) BAD2DABONE: even 50 food
(40:22 / All) BAD2DABONE: would have been enough to turn the tides
(40:30 / All) 13loodlaughs: your towers wouldn't have mattered with frosts wyrm
(40:31 / All) BAD2DABONE: plus I would have started pumping bats if it mattered
(40:37 / All) 13loodlaughs: you had no fucking units
(40:40 / All) BAD2DABONE: yes they would have idiot
(40:46 / All) BAD2DABONE: because they would have to attack your units not my towers
(40:51 / All) BAD2DABONE: so the towers wouldn't be froze
(40:53 / All) RAINBOW.DOG: he had me , blue
(41:15 / All) BAD2DABONE: Blue is 6 levels below average is that how it works
(41:28 / All) 13loodlaughs: what are you teal?
(41:35 / All) BAD2DABONE: 0-0
(41:41 / All) BAD2DABONE: do you know how to check, newbie?
(41:45 / All) 13loodlaughs: 0-1
(41:53 / All) BAD2DABONE: Orange is my vassel
(42:03 / All) BAD2DABONE: This game was crooked anyway
(42:04 / All) RAINBOW.DOG: i call him pops
(42:13 / All) BAD2DABONE: Just so happens his team left
(42:15 / All) BAD2DABONE: So you lose
(42:24 / All) RAINBOW.DOG: blue do u think teal really is my father
(42:32 / All) 13loodlaughs: -.-;;
(42:50 / All) RAINBOW.DOG: blue can i trade wow gold for amazon credit with u
(43:01 / All) 13loodlaughs: I don't play wow
(43:15 / All) RAINBOW.DOG: do u frown upon me cuz i do?
(43:22 / All) 13loodlaughs: Nah
(43:24 / All) RAINBOW.DOG: ive made 400 bucks in amazon credit the last year with wow gold
(43:25 / All) 13loodlaughs: I used to play FFXI
(43:47 / All) RAINBOW.DOG: i sorta like blue,
(43:55 / All) RAINBOW.DOG: should we give him the win
(43:58 / All) BAD2DABONE: Nay
(44:01 / All) BAD2DABONE: He is a coward
(44:03 / All) 13loodlaughs: kinda impossible now
(44:13 / All) RAINBOW.DOG: no. i can just leave, but pops said no
(44:17 / All) BAD2DABONE: A coward dies a thousand deaths, the brave but one
(44:25 / All) RAINBOW.DOG: now blue, if u give me a game ons team
(44:29 / All) RAINBOW.DOG: i would consider leaving
(44:31 / All) 13loodlaughs: I couldn't roll my damn eyes far enough
(44:45 / All) RAINBOW.DOG: if u gift me a game on steam id leave
(44:45 / All) BAD2DABONE: Not an admirer of Shakespeare I take it
(44:47 / All) RAINBOW.DOG: you'd get the win
(45:03 / All) 13loodlaughs: I'm just wasting time smoking a cig
(45:24 / All) RAINBOW.DOG: whisper yellow red green they were pissed at me so much
(45:46 / All) BAD2DABONE: Are you going to gift him a steam game for the win?
(46:15 / All) BAD2DABONE: you'll never join a clan with your record
(46:17 / All) BAD2DABONE: you need this win
(46:24 / All) RAINBOW.DOG: lawl
(46:26 / All) 13loodlaughs: I don't care about any of that
(46:39 / All) RAINBOW.DOG: yellow just whispered me
(46:39 / All) BAD2DABONE: Sometimes clans have holiday skype parties
(46:43 / All) BAD2DABONE: you're missing the festivities
(46:52 / All) 13loodlaughs: ~.~
(46:58 / All) RAINBOW.DOG: "i know this is ur thing; u sit back and expo everywhere and then tk"
(47:05 / All) RAINBOW.DOG: "i played u guys befreo
(47:14 / All) BAD2DABONE: lol
(47:23 / All) BAD2DABONE: his name seems familiar
(47:29 / All) BAD2DABONE: but without "was hero"
(48:40 / All) RAINBOW.DOG: holy shit
(48:44 / All) RAINBOW.DOG: infinite mana bm
(48:47 / All) BAD2DABONE: lol
(48:51 / All) BAD2DABONE: pendant
(49:04 / All) BAD2DABONE: I still would have had 2 wind wlaks without pendant
(50:41 / All) RAINBOW.DOG: woot
(50:47 / All) BAD2DABONE: I didn't get to
(50:55 / All) BAD2DABONE: the lab soon enough
(51:21 / All) BAD2DABONE: got heem
(51:55 / All) BAD2DABONE: I need boots
(57:57 / All) BAD2DABONE: Kigami 9 lives
(61:24 / All) BAD2DABONE: UH OH
(61:31 / All) RAINBOW.DOG: big boys u messin with
(61:53 / All) RAINBOW.DOG: i actually shouldnt have tked so early
(61:56 / All) RAINBOW.DOG: yellow red had no gold
(62:03 / All) RAINBOW.DOG: we coulda killed off purp
(62:11 / All) BAD2DABONE: it was not looking good since faggot blue left me out to dry
(62:29 / All) RAINBOW.DOG: learning lesson blue; be a good ally